PAAA
BANGOR TRIDENT BASE OGRES @ ATHLETIC CLUB KC RESERVES
05/02/2020
 
TOP OF THE 1ST
Bangor Trident Base Ogres batting - Pitching for Athletic Club KC Reserves : RHP Tony Madden
Pitching: RHP Tony Madden
Batting: LHB Jim Unknown 0-0: SINGLE (Line Drive, 8RS)
Batting: RHB Jim Unknown 0-0: Called Strike
0-1: Ball
1-1: Ball
2-1: Ball
3-1: Base on Balls
Jim Unknown to second
Batting: RHB Scott Forrest 0-0: Foul Ball, location: 2F
0-1: Ball
1-1: Ball
2-1: Ball
3-1: Grounds into double play, 5-4-3 (Groundball, 5)
Jim Unknown to third
Batting: LHB Jim Unknown 0-0: Swinging Strike
0-1: Fly out, F8 (Flyball, 8LM)
Top of the 1st over - 0 run(s), 1 hit(s), 0 error(s), 1 left on base; Bangor Trident Base 0 - Athletic Club KC 0
BOTTOM OF THE 1ST
Athletic Club KC Reserves batting - Pitching for Bangor Trident Base Ogres : RHP Lance Hodges
Pitching: RHP Lance Hodges
Batting: RHB Javier Díaz 0-0: Swinging Strike
0-1: Foul Ball, location: 2F
0-2: Strikes out looking
Batting: RHB Jason Dunn 0-0: SINGLE (Groundball, 6M)
Batting: LHB Rafael García 0-0: Ball
1-0: Called Strike
1-1: Ball
2-1: Foul Ball, location: 2F
2-2: Grounds into double play, 4-6-3 (Groundball, 4)
Bottom of the 1st over - 0 run(s), 1 hit(s), 0 error(s), 0 left on base; Bangor Trident Base 0 - Athletic Club KC 0
TOP OF THE 2ND
Bangor Trident Base Ogres batting - Pitching for Athletic Club KC Reserves : RHP Tony Madden
Batting: LHB Jim Unknown 0-0: Called Strike
0-1: Ball
1-1: DOUBLE (Line Drive, 7LS)
Batting: LHB Jim Unknown 0-0: Swinging Strike
0-1: Ball
1-1: Foul Ball, location: 2F
1-2: Ground out 4-3 (Groundball, 4M)
Jim Unknown to third
Batting: LHB Jim Unknown 0-0: Foul Ball, location: 2F
0-1: Called Strike
0-2: Ball
1-2: Fly out, F8 (Flyball, 8RM)
Runner from 3rd tags up, SCORES, throw made
Batting: RHB Jim Unknown 0-0: Called Strike
0-1: Foul Ball, location: 2F
0-2: Strikes out swinging
Top of the 2nd over - 1 run(s), 1 hit(s), 0 error(s), 0 left on base; Bangor Trident Base 1 - Athletic Club KC 0
BOTTOM OF THE 2ND
Athletic Club KC Reserves batting - Pitching for Bangor Trident Base Ogres : RHP Lance Hodges
Batting: RHB Nick Simmons 0-0: Called Strike
0-1: Ball
1-1: Foul Ball, location: 2F
1-2: Ball
2-2: Foul Ball, location: 2F
2-2: Strikes out swinging
Batting: RHB Robert Hill 0-0: Ball
1-0: Ball
2-0: Called Strike
2-1: Fly out, F7 (Flyball, 7LSF)
Batting: RHB Adam Hennessey 0-0: Called Strike
0-1: Swinging Strike
0-2: Foul Ball, location: 2F
0-2: Ball
1-2: Foul Ball, location: 2F
1-2: DOUBLE (Flyball, 78XD)
Batting: RHB Eddie O'Bryan 0-0: Ball
1-0: SINGLE (Flyball, 9LS)
Adam Hennessey to third
Runner from 3rd tries for Home, SAFE, no throw or cutoff
Batting: RHB Justin Miles 0-0: Swinging Strike
0-1: Swinging Strike
0-2: Foul Ball, location: 2F
0-2: Ball
1-2: Fly out, F3 (Line Drive, 3)
Bottom of the 2nd over - 1 run(s), 2 hit(s), 0 error(s), 1 left on base; Bangor Trident Base 1 - Athletic Club KC 1
TOP OF THE 3RD
Bangor Trident Base Ogres batting - Pitching for Athletic Club KC Reserves : RHP Tony Madden
Batting: RHB Jim Unknown 0-0: Called Strike
0-1: Called Strike
0-2: Ball
1-2: Ball
2-2: Strikes out swinging
Batting: LHB Jim Unknown 0-0: Called Strike
0-1: Ball
1-1: Foul Ball, location: 2F
1-2: Ball
2-2: SINGLE (Line Drive, 8LS)
Batting: RHB Jim Unknown 0-0: Reached on error, E1 (Groundball, 23)
Jim Unknown to second
Batting: RHB Scott Forrest 0-0: Ball
1-0: Foul Ball, location: 2F
1-1: Foul Ball, location: 2F
1-2: Ball
2-2: Ball
3-2: Base on Balls
Jim Unknown to third
Jim Unknown to second
Batting: LHB Jim Unknown 0-0: DOUBLE (Flyball, 89M)
Jim Unknown scores
Jim Unknown scores
Scott Forrest to third
Batting: LHB Jim Unknown 0-0: Ball
1-0: SINGLE (Flyball, 7S)
Scott Forrest scores
Jim Unknown to third
Batting: LHB Jim Unknown 0-0: Called Strike
0-1: Foul Ball, location: 2F
0-2: SINGLE (Line Drive, 6MD)
Jim Unknown scores
Jim Unknown to second
Batting: LHB Jim Unknown 0-0: Fly out, F9 (Flyball, 9M)
Batting: RHB Jim Unknown 0-0: Called Strike
0-1: Ball
1-1: Swinging Strike
1-2: SINGLE (Line Drive, 4D)
Jim Unknown to third
Jim Unknown to second
Batting: RHB Jim Unknown 0-0: Ball
1-0: Fly out, F7 (Line Drive, 7S)
Top of the 3rd over - 4 run(s), 5 hit(s), 1 error(s), 3 left on base; Bangor Trident Base 5 - Athletic Club KC 1
BOTTOM OF THE 3RD
Athletic Club KC Reserves batting - Pitching for Bangor Trident Base Ogres : RHP Lance Hodges
Batting: RHB Allen Murphy 0-0: Called Strike
0-1: Ground out 4-3 (Groundball, 4)
Batting: RHB Javier Díaz 0-0: Ball
1-0: Ball
2-0: Hit by Pitch
Batting: RHB Jason Dunn 0-0: Ball
1-0: Ball
2-0: Foul Ball, location: 2F
2-1: Called Strike
2-2: SINGLE (Line Drive, 6MD)
Javier Díaz to second
Batting: LHB Rafael García 0-0: Foul Ball, location: 2F
0-1: Ball
1-1: Swinging Strike
1-2: Foul Ball, location: 2F
1-2: Ball
2-2: Foul Ball, location: 2F
2-2: Foul Ball, location: 2F
2-2: Strikes out looking
Batting: RHB Nick Simmons 0-0: Called Strike
0-1: Fly out, F6 (Line Drive, 6)
Bottom of the 3rd over - 0 run(s), 1 hit(s), 0 error(s), 2 left on base; Bangor Trident Base 5 - Athletic Club KC 1
TOP OF THE 4TH
Bangor Trident Base Ogres batting - Pitching for Athletic Club KC Reserves : RHP Tony Madden
Batting: LHB Jim Unknown 0-0: Ball
1-0: Foul Ball, location: 2F
1-1: Foul Ball, location: 2F
1-2: Ball
2-2: Ball
3-2: Base on Balls
Batting: RHB Jim Unknown 0-0: Called Strike
0-1: Ball
1-1: Fly out, F7 (Flyball, 7D)
Batting: RHB Scott Forrest 0-0: 2-RUN HOME RUN (Flyball, 7LD), Distance : 345 ft
Pitching: LHP Stanley Anderson
Batting: LHB Jim Unknown 0-0: Swinging Strike
0-1: Swinging Strike
0-2: SINGLE (Line Drive, 6MD)
Batting: LHB Jim Unknown 0-0: Called Strike
0-1: Ball
1-1: Fly out, F4 (Popup, 4MS)
Batting: LHB Jim Unknown 0-0: Called Strike
0-1: Swinging Strike
0-2: Strikes out looking
Top of the 4th over - 2 run(s), 2 hit(s), 0 error(s), 1 left on base; Bangor Trident Base 7 - Athletic Club KC 1
BOTTOM OF THE 4TH
Athletic Club KC Reserves batting - Pitching for Bangor Trident Base Ogres : RHP Lance Hodges
Batting: RHB Robert Hill 0-0: Called Strike
0-1: Swinging Strike
0-2: Ball
1-2: Strikes out swinging
Batting: RHB Adam Hennessey 0-0: Foul Ball, location: 2F
0-1: Ball
1-1: Ball
2-1: Swinging Strike
2-2: Fly out, F8 (Line Drive, 8RM)
Batting: RHB Eddie O'Bryan 0-0: Ball
1-0: DOUBLE (Line Drive, 6D)
Batting: RHB Justin Miles 0-0: Ball
1-0: Called Strike
1-1: Called Strike
1-2: Foul Ball, location: 2F
1-2: Ball
2-2: Foul Ball, location: 2F
2-2: Foul Ball, location: 2F
2-2: SINGLE (Flyball, 9LS)
Eddie O'Bryan to third
Batting: RHB Allen Murphy 0-0: Foul Ball, location: 2F
0-1: Ball
1-1: Ball
2-1: Fielders Choice at 2nd, 6-4 (Groundball, 6)
Bottom of the 4th over - 0 run(s), 2 hit(s), 0 error(s), 1 left on base; Bangor Trident Base 7 - Athletic Club KC 1
TOP OF THE 5TH
Bangor Trident Base Ogres batting - Pitching for Athletic Club KC Reserves : LHP Stanley Anderson
Batting: LHB Jim Unknown 0-0: Ball
1-0: Ball
2-0: Foul Ball, location: 2F
2-1: SINGLE (Line Drive, 89S)
Batting: RHB Jim Unknown 0-0: Ball
1-0: Swinging Strike
1-1: Called Strike
1-2: Strikes out swinging
Batting: RHB Jim Unknown 0-0: Grounds into double play, 6-4-3 (Groundball, 6)
Top of the 5th over - 0 run(s), 1 hit(s), 0 error(s), 0 left on base; Bangor Trident Base 7 - Athletic Club KC 1
BOTTOM OF THE 5TH
Athletic Club KC Reserves batting - Pitching for Bangor Trident Base Ogres : RHP Lance Hodges
Batting: RHB Javier Díaz 0-0: Ground out 4-3 (Groundball, 4M)
Batting: RHB Jason Dunn 0-0: Called Strike
0-1: Ball
1-1: Ball
2-1: Ball
3-1: Fly out, F8 (Flyball, 8LM)
Batting: LHB Rafael García 0-0: Ball
1-0: Called Strike
1-1: Ball
2-1: Foul Ball, location: 2F
2-2: Ball
3-2: Foul Ball, location: 2F
3-2: Foul Ball, location: 2F
3-2: Base on Balls
Batting: RHB Nick Simmons 0-0: Called Strike
0-1: SINGLE (Groundball, 56D)
Rafael García to second
Pitching: RHP Jim Unknown
Batting: RHB Robert Hill 0-0: Called Strike
0-1: Foul Ball, location: 2F
0-2: SINGLE (Groundball, 56)
Rafael García to third
Nick Simmons to second
Runner from 3rd tries for Home, SAFE, no throw or cutoff
Batting: RHB Adam Hennessey 0-0: Ball
1-0: Foul Ball, location: 2F
1-1: Fielders Choice at 2nd, 6-4 (Groundball, 6)
Bottom of the 5th over - 1 run(s), 2 hit(s), 0 error(s), 1 left on base; Bangor Trident Base 7 - Athletic Club KC 2
TOP OF THE 6TH
Bangor Trident Base Ogres batting - Pitching for Athletic Club KC Reserves : LHP Stanley Anderson
Batting: LHB Jim Unknown 0-0: Ground out 1-3 (Groundball, 13)
Batting: RHB Jim Unknown 0-0: Called Strike
0-1: Ball
1-1: Ground out 5-3 (Groundball, 56)
Batting: RHB Scott Forrest 0-0: Ball
1-0: Reached on error, E3 (Groundball, 3L)
Batting: LHB Jim Unknown 0-0: Swinging Strike
0-1: Ball
1-1: Called Strike
1-2: Strikes out swinging
Top of the 6th over - 0 run(s), 0 hit(s), 1 error(s), 1 left on base; Bangor Trident Base 7 - Athletic Club KC 2
BOTTOM OF THE 6TH
Athletic Club KC Reserves batting - Pitching for Bangor Trident Base Ogres : RHP Jim Unknown
Batting: RHB Eddie O'Bryan 0-0: Ball
1-0: Called Strike
1-1: Fly out, F8 (Flyball, 8RM)
Batting: RHB Justin Miles 0-0: Ground out 5-3 (Groundball, 56S)
Batting: RHB Allen Murphy 0-0: Ground out 6-3 (Groundball, 6)
Bottom of the 6th over - 0 run(s), 0 hit(s), 0 error(s), 0 left on base; Bangor Trident Base 7 - Athletic Club KC 2
TOP OF THE 7TH
Bangor Trident Base Ogres batting - Pitching for Athletic Club KC Reserves : LHP Stanley Anderson
Batting: LHB Jim Unknown 0-0: Called Strike
0-1: Ball
1-1: SINGLE (Line Drive, 89M)
Batting: LHB Jim Unknown 0-0: Ball
1-0: Bunted foul
1-1: Ball
2-1: Bunted foul
2-2: Strikes out swinging
Batting: LHB Jim Unknown 0-0: Fly out, F8 (Flyball, 8LS)
Batting: RHB Jim Unknown 0-0: Ball
Jim Unknown is caught stealing 2nd base
Top of the 7th over - 0 run(s), 1 hit(s), 0 error(s), 0 left on base; Bangor Trident Base 7 - Athletic Club KC 2
BOTTOM OF THE 7TH
Athletic Club KC Reserves batting - Pitching for Bangor Trident Base Ogres : RHP Jim Unknown
Batting: RHB Javier Díaz 0-0: Called Strike
0-1: Ball
1-1: Ball
2-1: Ball
3-1: Foul Ball, location: 2F
3-2: Foul Ball, location: 2F
3-2: Strikes out looking
Batting: RHB Jason Dunn 0-0: Ground out 1-3 (Groundball, 13)
Batting: LHB Rafael García 0-0: Ball
1-0: Ball
2-0: Ground out U3 (Groundball, 3L)
Bottom of the 7th over - 0 run(s), 0 hit(s), 0 error(s), 0 left on base; Bangor Trident Base 7 - Athletic Club KC 2
TOP OF THE 8TH
Bangor Trident Base Ogres batting - Pitching for Athletic Club KC Reserves : LHP Stanley Anderson
Pitching: LHP Tim Harris
Batting: RHB Jim Unknown 0-0: Ball
1-0: Swinging Strike
1-1: Ball
2-1: Foul Ball, location: 2F
2-2: Ball
3-2: Fly out, F8 (Flyball, 89S)
Batting: RHB Jim Unknown 0-0: Ball
1-0: SINGLE (Groundball, 56D)
Batting: LHB Jim Unknown 0-0: Called Strike
0-1: Foul Ball, location: 2F
0-2: Grounds into double play, 5-4-3 (Groundball, 56)
Top of the 8th over - 0 run(s), 1 hit(s), 0 error(s), 0 left on base; Bangor Trident Base 7 - Athletic Club KC 2
BOTTOM OF THE 8TH
Athletic Club KC Reserves batting - Pitching for Bangor Trident Base Ogres : RHP Jim Unknown
Pitching: RHP Jim Unknown
Batting: RHB Nick Simmons 0-0: Foul Ball, location: 2F
0-1: Ball
1-1: Ball
2-1: Swinging Strike
2-2: Ball
3-2: Base on Balls
Batting: RHB Robert Hill 0-0: Foul Ball, location: 2F
0-1: Foul Ball, location: 2F
0-2: Strikes out swinging
Batting: RHB Adam Hennessey 0-0: Called Strike
0-1: Fielders Choice at 2nd, 1-6 (Groundball, 13)
Batting: RHB Eddie O'Bryan 0-0: Ball
1-0: Called Strike
1-1: Ball
2-1: Foul Ball, location: 2F
2-2: DOUBLE (Flyball, 8RM)
Adam Hennessey to third
Runner from 3rd tries for Home, SAFE, no throw or cutoff
Batting: RHB Justin Miles 0-0: Called Strike
0-1: Ball
1-1: Swinging Strike
1-2: Reached on error, E6 (Groundball, 6M)
Eddie O'Bryan to third
Batting: RHB Allen Murphy 0-0: Called Strike
0-1: Ball
1-1: Ground out 6-3 (Groundball, 6)
Bottom of the 8th over - 1 run(s), 1 hit(s), 1 error(s), 2 left on base; Bangor Trident Base 7 - Athletic Club KC 3
TOP OF THE 9TH
Bangor Trident Base Ogres batting - Pitching for Athletic Club KC Reserves : LHP Tim Harris
Batting: RHB Jim Unknown 0-0: Called Strike
0-1: Ball
1-1: Ball
2-1: Foul Ball, location: 2F
2-2: Foul Ball, location: 2F
2-2: Ball
3-2: Base on Balls
Batting: RHB Scott Forrest 0-0: Called Strike
0-1: 2-RUN HOME RUN (Flyball, 89D), Distance : 370 ft
Batting: LHB Jim Unknown 0-0: Ball
1-0: Ball
2-0: Ground out 1-3 (Groundball, 15)
Batting: LHB Jim Unknown 0-0: Ball
1-0: Called Strike
1-1: SINGLE (Groundball, 6MD)
Batting: LHB Jim Unknown 0-0: Reached on error, E5 (Groundball, 56S)
Jim Unknown to second
Batting: LHB Jim Unknown 0-0: Ball
1-0: Ball
2-0: Called Strike
2-1: Ball
3-1: SINGLE (Line Drive, 4D)
Jim Unknown to third
Jim Unknown to second
Batting: RHB Jim Unknown 0-0: Ball
1-0: Ball
2-0: DOUBLE (Line Drive, 7LS)
Jim Unknown scores
Jim Unknown scores
Jim Unknown to third
Runner from 3rd tries for Home, SAFE, no throw or cutoff
Pitching: LHP Corey Woods
Batting: RHB Jim Unknown 0-0: Called Strike
0-1: Fly out, F9 (Flyball, 9LM)
Batting: LHB Jim Unknown 0-0: Foul Ball, location: 2F
0-1: Ground out 6-3 (Groundball, 6)
Top of the 9th over - 5 run(s), 4 hit(s), 1 error(s), 1 left on base; Bangor Trident Base 12 - Athletic Club KC 3
BOTTOM OF THE 9TH
Athletic Club KC Reserves batting - Pitching for Bangor Trident Base Ogres : RHP Jim Unknown
Batting: RHB Javier Díaz 0-0: Ball
1-0: Ball
2-0: Foul Ball, location: 2F
2-1: Swinging Strike
2-2: Strikes out looking
Batting: RHB Jason Dunn 0-0: Ball
1-0: Called Strike
1-1: Ball
2-1: Ball
3-1: Called Strike
3-2: Foul Ball, location: 2F
3-2: Strikes out swinging
Batting: LHB Rafael García 0-0: Called Strike
0-1: Ball
1-1: Called Strike
1-2: DOUBLE (Flyball, 9LM)
Batting: RHB Nick Simmons 0-0: Called Strike
0-1: Ball
1-1: 2-RUN HOME RUN (Flyball, 7D), Distance : 353 ft
Batting: RHB Robert Hill 0-0: Called Strike
0-1: Called Strike
0-2: Ball
1-2: Ball
2-2: Fly out, F9 (Flyball, 9LM)
Bottom of the 9th over - 2 run(s), 2 hit(s), 0 error(s), 0 left on base; Bangor Trident Base 12 - Athletic Club KC 5
This league is powered by Out of the Park Baseball, the baseball management simulation game for PC, Mac and Linux
Friday, October 23rd, 2015 - OOTP Baseball 16.9 Build 39